 Dungeon Crawl Stone Soup version 0.18.1-48-g4cf74bf (webtiles) character file.

203 Gargoyl the Skirmisher (level 5, -1/42 HPs)
             Began as a Demonspawn Abyssal Knight on Aug 15, 2016.
             Was a Believer of Lugonu.
             Slain by a scorpion (4 damage)
             ... on level 4 of the Dungeon.
             The game lasted 00:06:21 (3526 turns).

Gargoyl the Skirmisher (Demonspawn Abyssal Knight)  Turns: 3526, Time: 00:06:21

Health: -1/42      AC: 17    Str: 14    XL:     5   Next: 51%
Magic:  7/7        EV:  4    Int: 13    God:    Lugonu [**....]
Gold:   185        SH:  0    Dex: 12    Spells: 0 memorised, 4 levels left

rFire  . . .     SeeInvis .     a - +2 hand axe
rCold  . . .     Gourm    .     i - +0 plate armour
rNeg   . . .     Faith    .     (no shield)
rPois  .         Spirit   .     d - +0 helmet
rElec  .         Dismiss  .     g - +0 cloak (curse)
rCorr  .         Reflect  .     e - +0 pair of gloves
SustAt .         Harm     .     (no boots)
MR     .....     Rnd*Tele +     (no amulet)
Stlth  ..........               w - +2 ring of protection
                                j - ring of teleportation (curse)

@: flying, not resistant to hostile enchantments, extremely unstealthy
A: talons 1, rot immunity
a: Depart the Abyss, Bend Space, Renounce Religion


You were on level 4 of the Dungeon.
You worshipped Lugonu.
Lugonu was pleased with you.
You were not hungry.

You visited 1 branch of the dungeon, and saw 4 of its levels.
You visited the Abyss 1 time.

You collected 185 gold pieces.

Inventory:

Hand Weapons
 a - a +2 hand axe (weapon)
Armour
 d - a +0 helmet (worn)
 e - a +0 pair of gloves (worn)
 g - a cursed +0 cloak (worn)
 i - a +0 plate armour (worn)
Jewellery
 j - a cursed ring of teleportation (left hand)
 w - a +2 ring of protection (right hand)
Wands
 u - a wand of confusion (36/48)
Scrolls
 l - a scroll of recharging
 p - 2 scrolls of teleportation
 q - a scroll of identify
Potions
 f - 2 potions of might
 h - a potion of berserk rage {unknown}
 k - 2 potions of magic
 m - a potion of resistance {unknown}
 n - a potion of flight
 o - 2 potions of curing
 r - a potion of heal wounds {unknown}
 s - a potion of haste {unknown}
Comestibles
 b - a beef jerky
 c - 2 bread rations
 t - a meat ration


   Skills:
 + Level 4.2 Fighting
 + Level 2.4 Axes
 * Level 3.8 Armour
 + Level 1.4 Dodging
 + Level 2.8 Invocations


You had 4 spell levels left.
You didn't know any spells.

Dungeon Overview and Level Annotations

Branches:
Dungeon (4/15)
 Temple: D:4-7

Altars:
Cheibriados
Sif Muna
Yredelemnul


Innate Abilities, Weirdness & Mutations

You have sharp toenails.
You are immune to rotting.


Message History

The scorpion stings you but does no damage.
Your plate armour prevents you from hitting the scorpion.
You claw the scorpion, but do no damage.
The scorpion is severely wounded.
You feel sick. The scorpion stings you.
* * * LOW HITPOINT WARNING * * *
You are lethally poisoned!
The scorpion poisons you!
Drink which item? (? for menu, Esc to quit)
It was a potion of magic.
Magic courses through your body.
* * * LOW HITPOINT WARNING * * *
You feel sick. The scorpion barely misses you.
Drink which item? (? for menu, Esc to quit)
It was a potion of curing.
You feel better. The scorpion stings you!
* * * LOW HITPOINT WARNING * * *
Drink which item? (? for menu, Esc to quit)
It was a potion of flight.
You feel very buoyant.
You fly up into the air.
The scorpion stings you.
You die...

.......$.
.........
.........
........# #
........# .#
........###.#
.......s....#
.......@....#
............#
........###.#
......#...# #
.....##.#<#
....# #.#.#
...# #...#
..# #...# .#
#...##### #


You could see a scorpion.

Vanquished Creatures
  A scorpion (D:4)
  An iguana (D:3)
  2 worker ants
  Robin (D:3)
  2 adders
  A worm (D:1)
  2 giant geckos
  3 orcs (D:3)
  5 bats
  4 giant cockroaches
  8 goblins
  6 hobgoblins
  4 kobolds
  2 quokkas (D:3)
  3 ball pythons
  5 giant newts
  A rat (D:1)
51 creatures vanquished.

Notes
Turn   | Place    | Note
--------------------------------------------------------------
     0 | Abyss:1  | Gargoyl the Demonspawn Abyssal Knight began the quest for the Orb.
     0 | Abyss:1  | Reached XP level 1. HP: 18/18 MP: 2/2
    42 | Abyss:1  | Noticed a large abomination
   106 | Abyss:2  | Noticed a tentacled starspawn
   109 | D:1      | Escaped the Abyss
   354 | D:1      | Reached * piety under Lugonu
   397 | D:1      | Reached skill level 1 in Dodging
   582 | D:1      | Gained mutation: You are immune to rotting. [demonic ancestry]
   582 | D:1      | Reached XP level 2. HP: 21/24 MP: 3/3
  1619 | D:2      | Gained mutation: You have sharp toenails. [demonic ancestry]
  1619 | D:2      | Reached XP level 3. HP: 21/29 MP: 3/5
  1792 | D:3      | Noticed Robin
  1800 | D:3      | Killed Robin
  2057 | D:3      | Reached ** piety under Lugonu
  2057 | D:3      | Reached XP level 4. HP: 8/37 MP: 6/6
  2253 | D:3      | Reached skill level 4 in Fighting
  2549 | D:3      | Found a deep blue altar of Sif Muna.
  2549 | D:3      | Found a snail-covered altar of Cheibriados.
  2948 | D:3      | Found a basalt altar of Yredelemnul.
  3129 | D:4      | Reached XP level 5. HP: 29/42 MP: 7/7
  3526 | D:4      | Slain by a scorpion

Skill      XL: |  1  2  3  4 |
---------------+-------------+-----
Dodging        | 1 |  1.4
Armour         | 2 3 |  3.8
Axes           | 2 |  2.4
Fighting       | 4 |  4.2
Invocations    | |  2.8

Action                   |  1- 3 |  4- 6 || total
-------------------------+-------+-------++-------
Melee: Hand axe          |   115 |   106 ||   221
       Kick              |     2 |    30 ||    32
Invok: Depart the Abyss  |     1 |       ||     1
  Use: Scroll            |     4 |     4 ||     8
       Potion            |       |     3 ||     3
  Eat: Chunk             |     4 |     5 ||     9
Armor: Scale mail        |     5 |       ||     5
       Leather armour    |     3 |       ||     3
       Plate armour      |    92 |    78 ||   170
Dodge: Dodged            |    25 |    18 ||    43
